 Dungeon Crawl Stone Soup version 0.28-a0-1389-gc726bef33b (webtiles) character file.

Game seed: 10102910789427675414

354 freelancePsychic the Shooter (level 6, -1/47 HPs)
             Began as a Demonspawn Wanderer on Jan 4, 2022.
             Slain by a yak (16 damage)
             ... on level 3 of the Dungeon.
             The game lasted 00:06:26 (3127 turns).

freelancePsychic the Shooter (Demonspawn Wanderer)  Turns: 3127, Time: 00:06:26

Health: -1/47      AC:  4    Str: 16    XL:     6   Next: 35%
Magic:  6/6        EV: 11    Int: 12    God:
Gold:   114        SH:  0    Dex: 14    Spells: 5/5 levels left

rFire   . . .      SeeInvis .   a - +0 shortbow (vorpal)
rCold   . . .      Faith    .   (shield currently unavailable)
rNeg    . . .      Spirit   .   e - +0 leather armour
rPois   .          Reflect  .   (no helmet)
rElec   .          Harm     .   (no cloak)
rCorr   .          Rampage  .   (no gloves)
Will    .....                   d - +0 pair of boots
Stlth   ++........              (no amulet)
HPRegen 0.15/turn               (no ring)
MPRegen 0.10/turn               (no ring)

@: no status effects
A: thin skeletal structure 1, foul stench 1
a: no special abilities


You were on level 3 of the Dungeon.
You visited 1 branch of the dungeon, and saw 4 of its levels.

You collected 114 gold pieces.

Inventory:

Hand Weapons
 a - a +0 vorpal shortbow (weapon)
 b - a +0 dagger of venom
 k - a +0 hunting sling
Missiles
 c - 22 arrows (quivered ammo)
 f - 19 sling bullets
 g - 118 stones
Armour
 d - a +0 pair of boots (worn)
 e - a +0 leather armour (worn)
Jewellery
 n - a ring of ice
Scrolls
 i - 2 scrolls of amnesia
 j - a scroll of magic mapping {unknown}
 l - 3 scrolls of identify {@r1}
Potions
 h - 3 potions of curing {unknown}
 o - a potion of lignification {unknown}
 p - a potion of attraction {unknown}


   Skills:
 + Level 3.4 Fighting
 - Level 2.6 Maces & Flails
 * Level 5.6 Bows
 - Level 1.0 Throwing
 - Level 1.0 Armour
 - Level 1.0 Dodging
 - Level 1.0 Evocations


You had 5 spell levels left.
You didn't know any spells.
Your spell library contained the following spells:

 Spells                   Type           Power      Damage    Failure   Level
 Conjure Flame            Conj/Fire      0%         6-21      77%         3
 Ignite Poison            Fire/Tmut/Pois 0%         N/A       77%         3
 Portal Projectile        Hex/Tloc       0%         N/A       77%         3
 Sticky Flame             Conj/Fire      0%         2d3       99%         4
 Blade Hands              Tmut           0%         N/A       100%        5
 Excruciating Wounds      Necr           0%         N/A       100%        5


Dungeon Overview and Level Annotations

Branches:
Dungeon (4/15)
 Temple: D:4-7

Altars:

Annotations:
D:3 Sigmund


Innate Abilities, Weirdness & Mutations

You have a somewhat thin skeletal structure. (Dex +2, Stealth+)
You may rarely emit foul miasma when damaged in melee.


Message History

You shoot an arrow. The arrow closely misses the yak.
The yak closely misses you.
Fire: 28 arrows
Press: ? - help, Q - select action, (/) - cycle Shift-Dir - straight line, f/p - yak
Aim: a yak (lightly wounded, 72% to hit)
You shoot an arrow.
The arrow hits the yak but does no damage.
The yak is lightly wounded.
The yak gores you!
Fire: 27 arrows
Press: ? - help, Q - select action, (/) - cycle Shift-Dir - straight line, f/p - yak
Aim: a yak (lightly wounded, 72% to hit)
You shoot an arrow. The arrow hits the yak!
The yak is moderately wounded.
The yak misses you.
Fire: 26 arrows
Press: ? - help, Q - select action, (/) - cycle Shift-Dir - straight line, f/p - yak
Aim: a yak (moderately wounded, 72% to hit)
You shoot an arrow. The arrow hits the yak.
The yak is heavily wounded.
The yak gores you!
Fire: 25 arrows
Press: ? - help, Q - select action, (/) - cycle Shift-Dir - straight line, f/p - yak
Aim: a yak (heavily wounded, 72% to hit)
You shoot an arrow. The arrow barely misses the yak.
The yak barely misses you.
Fire: 24 arrows
Press: ? - help, Q - select action, (/) - cycle Shift-Dir - straight line, f/p - yak
Aim: a yak (heavily wounded, 72% to hit)
You shoot an arrow. The arrow hits the yak.
The yak is heavily wounded.
The yak closely misses you.
Fire: 23 arrows
Press: ? - help, Q - select action, (/) - cycle Shift-Dir - straight line, f/p - yak
Aim: a yak (heavily wounded, 72% to hit)
You shoot an arrow.
The arrow hits the yak but does no damage.
The yak is heavily wounded.
The yak gores you. The yak gores you!
You die...

#.#.#
#.#...######
#.#.#
#.#####
#.#.# #.#
###...###.#
#.........#
#......####
#......#
#.....Y#
#....@.#
#......#
###...##
#...# #...#
#####


You could see a yak.

Vanquished Creatures
  A yak (D:4)
  A scorpion (D:4)
  Natasha (twice) (D:2 D:1)
  4 gnolls
  2 adders
  An adder skeleton (D:4)
  3 ball pythons
  2 bats
  An endoplasm (D:3)
  A giant cockroach (D:2)
  4 goblins
  3 hobgoblins
  5 jackals (D:1)
  2 quokkas
  3 frilled lizards
  7 kobolds
  5 rats
47 creatures vanquished.

Notes
Turn   | Place    | Note
-------+----------+-------------------------------------------
     0 | D:1      | freelancePsychic the Demonspawn Wanderer began the quest
                  | for the Orb.
     0 | D:1      | freelancePsychic set off with the following items: a +0
                  | vorpal shortbow, 26 arrows, a +0 mace, a +0 pair of boots,
                  | a +0 leather armour
     0 | D:1      | Reached XP level 1. HP: 13/13 MP: 1/1
   357 | D:1      | Reached skill level 3 in Bows
   394 | D:1      | Gained mutation: You have a somewhat thin skeletal
                  | structure. (Dex +2, Stealth+) [demonic ancestry]
   394 | D:1      | Reached XP level 2. HP: 11/20 MP: 2/2
  1214 | D:2      | Reached skill level 1 in Fighting
  1527 | D:2      | Reached XP level 3. HP: 24/26 MP: 3/3
  1686 | D:2      | Noticed Natasha
  1732 | D:2      | Killed Natasha
  1926 | D:2      | Noticed Natasha
  1962 | D:1      | Killed Natasha
  1963 | D:1      | Reached skill level 4 in Bows
  1963 | D:1      | Reached XP level 4. HP: 12/33 MP: 4/4
  2281 | D:3      | Noticed Sigmund
  2785 | D:3      | Reached XP level 5. HP: 39/39 MP: 5/5
  2796 | D:3      | Identified the +5 rapier of the Sky {holy, rPois rF- Int+5}
  2894 | D:4      | Reached skill level 5 in Bows
  2970 | D:4      | Noticed a yak
  2971 | D:4      | Noticed a yak
  2971 | D:4      | Noticed a yak
  2979 | D:4      | Noticed a yak
  2990 | D:4      | Killed a yak
  2991 | D:4      | Gained mutation: You may rarely emit foul miasma when
                  | damaged in melee. [demonic ancestry]
  2991 | D:4      | Reached XP level 6. HP: 38/47 MP: 6/6
  3060 | D:4      | Noticed a yak
  3061 | D:4      | Noticed a yak
  3127 | D:3      | Slain by a yak

Illustrated notes

Levels and vault maps discovered:
D:1:      mrwooster_arrival_arrow, layout_basic
D:2:      layout_basic, minmay_curled_crystal, minivault_4, nrook_loot_triangle,
          uniq_natasha
D:3:      layout_basic, nicolae_ecumenical_lake_church, eino_tiny_chamber,
          serial_park_tiny_1, kennysheep_decorative_pillar, uniq_sigmund
D:4:      layout_loops_ring, trog_three_pillars_becter, fedhas_altar_fruit_tree,
          mainiacjoe_overflow_catwalk

Skill      XL: |  1  2  3  4  5 |
---------------+----------------+-----
Bows           | 3 4 5 |  5.6
Fighting       | 1 2 3 |  3.4
Maces & Flails | |  2.6
Throwing       | |  1.0
Armour         | |  1.0
Dodging        | |  1.0
Evocations     | |  1.0

Action                   |  1- 3 |  4- 6 || total
-------------------------+-------+-------++-------
Melee: Mace              |    31 |       ||    31
       Dagger            |    24 |    31 ||    55
 Fire: Shortbow          |    29 |    53 ||    82
  Use: Potion            |       |     2 ||     2
       Scroll            |       |     1 ||     1
 Stab: Sleeping          |     2 |     2 ||     4
       Distracted        |       |     1 ||     1
Armor: Leather armour    |    16 |    10 ||    26
Dodge: Dodged            |    33 |    29 ||    62

Table legend: (Time is in decaauts)
 A = Elapsed time spent in this place.
 B = Non-inter-level travel time spent in this place.
 C = Inter-level travel time spent in this place.
 D = Time resting spent in this place.
 E = Time spent auto-exploring this place.
 F = Levels seen in this place.
 G = Mean time per level.
                   A        B        C        D        E       F      G
               +--------+--------+--------+--------+--------+-----+--------+
         Total |   3154 |   3022 |    132 |    326 |   2129 |   4 |  788.5 |
       Dungeon |   3154 |   3022 |    132 |    326 |   2129 |   4 |  788.5 |
               +--------+--------+--------+--------+--------+-----+--------+

Top non-repeatable levels by time:
     D:2: 1244 daAuts
     D:1: 1235 daAuts
     D:3: 436 daAuts
     D:4: 238 daAuts
